 Dungeon Crawl Stone Soup version 0.22-a0-259-gdd11e71 (webtiles) character file.

5689 Amnesiac the Nimble (level 10, -1/53 HPs)
             Began as a Spriggan Fighter on Mar 5, 2018.
             Was an Initiate of Gozag.
             Killed from afar by an orc sorcerer (21 damage)
             ... with a bolt of negative energy
             ... on level 10 of the Dungeon.
             The game lasted 00:20:28 (12443 turns).

Amnesiac the Nimble (Spriggan Fighter)             Turns: 12443, Time: 00:20:29

Health: -1/53      AC:  2    Str: 22    XL:     10   Next: 47%
Magic:  0/11       EV: 25    Int: 13    God:    Gozag
Gold:   1705       SH:  7    Dex: 16    Spells: 1/9 levels left

rFire    . . .     SeeInvis +   a - +4 rapier of Joyful Slaughter {elec, Str+4 Int+3}
rCold    . . .     Gourm    .   c - +0 buckler
rNeg     . . .     Faith    .   q - +0 robe
rPois    .         Spirit   +   (helmet restricted)
rElec    .         Reflect  .   g - scarf {Spirit}
rCorr    .         Harm     .   (gloves unavailable)
MR       +....                  (boots unavailable)
Stlth    +.........             (no amulet)
HPRegen  0.17/turn              C - +3 ring of strength
MPRegen  0.12/turn              (no ring)

@: drained, very quick
A: very small, unfitting armour, see invisible, herbivore, speed 3, slow
metabolism 2
a: Potion Petition, Call Merchant, Bribe Branch, Renounce Religion


You were on level 10 of the Dungeon.
You worshipped Gozag.
Gozag was most pleased with you.
You were full.

You visited 2 branches of the dungeon, and saw 11 of its levels.
You also visited: Ossuary.

You collected 2003 gold pieces.
You spent 228 gold pieces at shops.
You paid 70 gold pieces to Gozag.

Inventory:

Hand Weapons
 a - the +4 rapier of Joyful Slaughter (weapon) {elec, Str+4 Int+3}
   (You found it on level 6 of the Dungeon)

   Occasionally, upon striking a foe, it will discharge some electrical energy
   and cause terrible harm.
   It affects your strength (+4).
   It affects your intelligence (+3).
 b - a +0 dagger of venom
 i - a +0 long sword
Missiles
 r - 307 stones (quivered)
 y - 7 needles of frenzy
 z - 7 poisoned needles
Armour
 c - a +0 buckler (worn)
 g - a scarf of spirit shield (worn)
 q - a +0 robe (worn)
Jewellery
 s - an uncursed ring of ice
 B - an uncursed ring of ice
 C - a +3 ring of strength (left hand)
 G - the ring "Jedab" {*Contam rElec MR+ Str+7 Int+2, unknown}
   (You found it on level 9 of the Dungeon)

   [ring of protection from magic]

   It affects your strength (+7).
   It affects your intelligence (+2).
   It insulates you from electricity.
   It affects your resistance to hostile enchantments.
   It causes magical contamination when unequipped.
Wands
 j - a wand of paralysis (6)
 D - a wand of acid (8)
 F - a wand of disintegration (20)
Scrolls
 e - 4 scrolls of teleportation {!r}
 h - 7 scrolls of identify {!r}
 k - a scroll of immolation {!r}
 m - 2 scrolls of blinking {!r}
 x - 2 scrolls of fog {!r}
 E - 2 scrolls of remove curse {!r}
 H - a scroll of enchant weapon {!r, unknown}
Potions
 d - 5 potions of might {!q}
 l - a potion of ambrosia {!q}
 n - 2 potions of resistance {!q}
 o - a potion of lignification {!q}
 p - 2 potions of mutation {!q}
 t - 9 potions of curing {!q}
 u - 3 potions of haste {!q}
 v - a potion of brilliance {!q}
 w - 6 potions of heal wounds {!q}
 A - a potion of flight {!q}
Comestibles
 f - 3 rations


   Skills:
 + Level 6.2(5.5) Fighting
 * Level 9.1(8.4) Long Blades
 + Level 10.5(9.8) Dodging
 + Level 5.6(5.0) Shields


You had one spell level left.
You knew the following spells:

 Your Spells              Type           Power        Failure   Level  Hunger
e - Mephitic Cloud        Conj/Pois/Air  #.......     71%         3    ####...
s - Conjure Flame         Conj/Fire      #.......     71%         3    ####...
v - Blink                 Tloc           N/A          47%         2    ###....


Dungeon Overview and Level Annotations

Branches:
Dungeon (10/15)            Temple (1/1) D:5             Orc (0/2) D:10
   Lair: D:8-11

Altars:
Ashenzari
Cheibriados
Dithmenos
Elyvilon
Fedhas
Gozag
Hepliaklqana
Kikubaaqudgha
Makhleb
Nemelex Xobeh
Okawaru
Qazlal
Ru
Sif Muna
Trog
Uskayaw
Vehumet
Wu Jian
Xom
Yredelemnul
Zin
The Shining One

Shops:
D:6 !   D:9 =   D:10 (


Innate Abilities, Weirdness & Mutations

You are very small and have problems with some larger weapons.
You are too small for most types of armour.
You have supernaturally acute eyesight. (SInv)
You are a herbivore.
You cover ground extremely quickly.
You need to consume almost no food.


Message History

Found a stone staircase leading down.
You found a teleport trap!
An iguana comes into view.
An iguana is nearby!
An iguana is nearby!
The iguana hisses angrily.
You puncture the iguana! Lightning courses through the iguana!
You kill the iguana!
No target in view!
No target in view!
No target in view!
You now have 1701 gold pieces (gained 6).
Found a stone staircase leading down.
No target in view!
You open the door.
There is an open door here.
f - 3 rations (gained 1)
You open the door.
Found a robe.
Found an escape hatch in the ceiling.
No target in view!
There is an open door here.
Found a stone staircase leading up.
No target in view!
You found an alarm trap!
Found a stone staircase leading down.
No target in view!
An iguana comes into view.
The iguana hisses angrily.
An iguana is nearby!
An iguana is nearby!
The iguana misses you.
You hit the iguana. Lightning courses through the iguana!
You kill the iguana!
No target in view!
No target in view!
No target in view!
You now have 1705 gold pieces (gained 4).
Found a ring mail.
No target in view!
A wizard comes into view.
It is wielding a dagger. 2 orc sorcerers come into view.
The orc sorcerer shouts!
The wizard shouts!
The orc sorcerer shouts!
The orc sorcerer moves out of view.
The wizard becomes larger for a moment.
Found a curved jewelled staff and 20 gold pieces.
A wizard comes into view. It is wielding a dagger of venom.
There are monsters nearby!
The wizard shouts!
There are monsters nearby!
The wizard gestures wildly while chanting.
The wizard blinks!
The orc sorcerer mumbles some strange words.
You enter the shallow water.
Moving in this stuff is going to be slow.
The wizard casts a spell at you.
The fireball explodes!
The fireball engulfs you!
Ouch! That really hurt!
* * * LOW HITPOINT WARNING * * *
The orc sorcerer appears out of thin air!
Found an escape hatch in the floor.
The orc sorcerer casts a spell at you. The bolt of negative energy hits you!
You feel drained.
You die...
Your body crumbles into a pile of gold.

# #.......(. #....... #
.............. ........ #
......>............... #
.....................
....................
#...................
#..[................
#.....≈≈≈.≈≈≈....... ..
#..@.≈≈##p##≈≈......
..#####....§##o..##≈......
...........§#...$.#≈
###................p.o....≈
..................≈#3|.$.#≈
#####..........o..≈##...##
....#.............≈≈##.##
....#..............≈≈≈≈≈≈
....#.....................


You could see a wizard, a smoke demon and an orc sorcerer.

Vanquished Creatures
  A two-headed ogre (D:8)
  Joseph (D:7)
  Psyche (D:9)
  A wraith (D:10)
  A wyvern (D:8)
  A hungry ghost (D:8)
  5 ice beasts
  2 orc warriors
  A phantom (D:7)
  3 sky beasts
  2 ogres
  A necrophage (D:9)
  A centaur (D:7)
  A big kobold (D:10)
  4 bullfrogs
  A wyvern skeleton (D:8)
  7 scorpions
  4 killer bees
  A howler monkey (D:3)
  6 crimson imps
  2 centaur zombies (Ossuary)
  3 bullfrog skeletons
  A jelly (D:10)
  7 orc priests
  8 hounds
  A human zombie (Ossuary)
  5 orc wizards
  A centaur skeleton (D:5)
  6 iguanas
  7 worker ants
  3 big kobold zombies (Ossuary)
  3 mummies
  6 gnolls
  A howler monkey skeleton (D:6)
  8 adders
  A shadow imp (D:7)
  An ooze (D:1)
  An adder zombie (Ossuary)
  6 dart slugs
  2 worms (D:3)
  6 leopard geckos
  34 orcs
  5 giant cockroaches
  4 hobgoblins
  17 jackals
  A quokka (D:4)
  A ball python (D:2)
  7 bats
  7 frilled lizards
  7 goblins
  2 goblin zombies (Ossuary)
  7 hobgoblin zombies (Ossuary)
  2 jackal zombies (Ossuary)
  7 kobolds
  7 kobold zombies (Ossuary)
  A leopard gecko zombie (D:8)
  11 orc zombies (Ossuary)
  4 rats
  A rat zombie (Ossuary)
249 creatures vanquished.

Vanquished Creatures (others)
  An orc (D:6)
1 creature vanquished.

Grand Total: 250 creatures vanquished

Notes
Turn   | Place    | Note
-------+----------+-------------------------------------------
     0 | D:1      | Amnesiac the Spriggan Fighter began the quest for the Orb.
     0 | D:1      | Reached XP level 1. HP: 11/11 MP: 2/2
   281 | D:1      | Reached XP level 2. HP: 16/16 MP: 3/3
  1059 | D:2      | Reached XP level 3. HP: 19/19 MP: 4/4
  2289 | D:3      | Reached XP level 4. HP: 8/23 MP: 3/5
  2575 | D:3      | Found a shadowy altar of Dithmenos.
  2575 | D:3      | Found an opulent altar of Gozag.
  2879 | D:3      | Became a worshipper of Gozag Ym Sagoz the Greedy
  3520 | D:4      | Reached XP level 5. HP: 27/27 MP: 6/6
  3593 | D:3      | Reached skill level 5 in Dodging
  3890 | D:4      | Reached XP level 6. HP: 32/32 MP: 7/7
  4562 | D:5      | Entered Level 5 of the Dungeon
  4681 | D:5      | Reached skill level 5 in Long Blades
  4794 | D:5      | Reached XP level 7. HP: 33/36 MP: 8/8
  5050 | D:5      | Found a staircase to the Ecumenical Temple.
  5159 | Temple   | Entered the Ecumenical Temple
  5427 | D:5      | Found an opulent altar of Gozag.
  5548 | D:6      | Found Maloynist's Distillery.
  5581 | D:6      | Reached skill level 6 in Dodging
  5634 | D:6      | Bought a potion of lignification for 36 gold pieces
  5634 | D:6      | Bought a potion of heal wounds for 60 gold pieces
  5634 | D:6      | Bought a potion of mutation for 96 gold pieces
  5634 | D:6      | Bought a potion of flight for 36 gold pieces
  5729 | D:6      | Found a sand-covered staircase.
  5736 | Ossuary  | Entered an ossuary
  6748 | D:6      | Found a blossoming altar of Fedhas.
  6750 | D:6      | Found a burning altar of Makhleb.
  6822 | D:5      | Reached XP level 8. HP: 4/42 MP: 3/9
  7157 | D:6      | Reached skill level 7 in Dodging
  7185 | D:6      | Learned a level 2 spell: Blink
  7656 | D:6      | Got a steaming rapier
  7872 | D:7      | Reached skill level 8 in Dodging
  8228 | D:7      | Reached XP level 9. HP: 42/46 MP: 8/10
  8459 | D:7      | Noticed Joseph
  8797 | D:7      | Killed Joseph
  8797 | D:7      | Reached skill level 5 in Fighting
  9088 | D:8      | Noticed a two-headed ogre
 10044 | D:8      | Reached skill level 9 in Dodging
 10584 | D:8      | Found a snail-covered altar of Cheibriados.
 10832 | D:8      | Reached skill level 5 in Shields
 10859 | D:8      | Identified the +4 rapier of Joyful Slaughter {elec, Str+4 Int+3} (You found it on level 6 of the Dungeon)
 10932 | D:8      | Killed a two-headed ogre
 10932 | D:8      | Reached XP level 10. HP: 53/53 MP: 11/11
 11111 | D:8      | Reached skill level 10 in Dodging
 11227 | D:9      | Learned a level 3 spell: Mephitic Cloud
 11231 | D:9      | Learned a level 3 spell: Conjure Flame
 11448 | D:9      | Noticed Psyche
 11453 | D:9      | Killed Psyche
 11610 | D:9      | Got a slimy copper ring
 11636 | D:9      | Found a sacrificial altar of Ru.
 11690 | D:9      | Found a glowing golden altar of the Shining One.
 11724 | D:9      | Found Qiuts's Jewellery Emporium.
 12149 | D:10     | Entered Level 10 of the Dungeon
 12180 | D:10     | Found Kiqer's Weapon Shoppe.
 12181 | D:10     | Found a staircase to the Orcish Mines.
 12436 | D:10     | Noticed a wizard
 12437 | D:10     | Noticed an orc sorcerer
 12437 | D:10     | Noticed an orc sorcerer
 12438 | D:10     | Noticed a wizard
 12440 | D:10     | Noticed a smoke demon
 12443 | D:10     | Killed from afar by an orc sorcerer

Vault maps used:
D:1:      matt_arrival_refuge
D:2:      kennysheep_path_1
D:3:      minitemple
D:4:      serial_corexii_hall, corexii_hall_statues_s, corexii_hall_statues_l,
          first_ration, minmay_misc_feat_tower
D:5:      minmay_temple_entry_purple_smoke, basic_altar
D:6:      chequers_temple_overflow_statue_of_worship, gup_ossuary_entry_pyramid,
          serial_shops, nicolae_shop_statue_plus
D:7:      uniq_joseph
D:8:      basic_altar
D:9:      tso_metal_star, nicolae_ru_awakened_eye, serial_shops, shop_fountains,
          uniq_psyche
D:10:     cheibrodos_wizards_tower, lair_entry_dummy, orc_david_3
Temple:   regret_index_temple_sphere_string
Ossuary:  ossuary_tomb_1

Skill      XL: |  1  2  3  4  5  6  7  8  9 10 |
---------------+-------------------------------+-----
Long Blades    | 2 3 4 5 6 7 8 9 |  9.1
Dodging        | 5 6 8 9 10 | 10.5
Fighting       | 3 4 5 6 |  6.2
Shields        | 3 4 5 |  5.6

Action                   |  1- 3 |  4- 6 |  7- 9 | 10-12 || total
-------------------------+-------+-------+-------+-------++-------
Melee: Long sword        |   123 |     4 |   246 |       ||   373
       Dagger            |    19 |   238 |   439 |     3 ||   699
       Rapier            |       |       |     5 |   116 ||   121
  Use: Scroll            |       |       |    11 |     1 ||    12
       Potion            |       |       |     2 |       ||     2
 Stab: Sleeping          |     2 |       |     1 |     2 ||     5
       Distracted        |     1 |       |     3 |       ||     4
  Eat: Ration            |       |     1 |     4 |     4 ||     9
Armor: Robe              |     9 |     6 |    17 |     1 ||    33
       Skin              |       |       |    10 |       ||    10
Dodge: Dodged            |   102 |   157 |   363 |    64 ||   686
Block: Buckler           |    45 |    68 |   189 |    23 ||   325
       Rpst.: Long sword |    30 |     1 |    33 |       ||    64

Table legend:
 A = Spawn XP
 B = Non-spawn XP
 C = Spawn XP percentage of total XP
 D = Spawn monster count
 E = Non-spawn monster count
 F = Spawn count percentage of total count
 G = Total turns spent on level
                    A         B        C        D         E        F      G
               +---------+---------+-------+---------+---------+-------+---------
         Total |       0 |    8128 |   0.0 |       0 |     249 |   0.0 | 12443
               +---------+---------+-------+---------+---------+-------+---------
           D:1 |       0 |      28 |   0.0 |       0 |      12 |   0.0 |   760
           D:2 |       0 |      26 |   0.0 |       0 |      14 |   0.0 |  1331
           D:3 |       0 |     194 |   0.0 |       0 |      38 |   0.0 |  1593
           D:4 |       0 |     285 |   0.0 |       0 |      23 |   0.0 |   878
           D:5 |       0 |     494 |   0.0 |       0 |      19 |   0.0 |  1117
           D:6 |       0 |     989 |   0.0 |       0 |      22 |   0.0 |  1114
           D:7 |       0 |    1373 |   0.0 |       0 |      16 |   0.0 |  1961
           D:8 |       0 |    2641 |   0.0 |       0 |      31 |   0.0 |  1341
           D:9 |       0 |     947 |   0.0 |       0 |      17 |   0.0 |   935
          D:10 |       0 |     871 |   0.0 |       0 |      18 |   0.0 |   294
       Ossuary |       0 |     280 |   0.0 |       0 |      39 |   0.0 |   980
               +---------+---------+-------+---------+---------+-------+---------
